 Dungeon Crawl Stone Soup version 0.30-a0-1053-gbd8d5ba0ad (webtiles) character file.

Game seed: 5872883138333413845

3654 Zeldest the Zephyrmancer (level 10, -9/59 HPs)
             Began as a Tengu Air Elementalist on Apr 12, 2023.
             Was a Priest of Vehumet.
             Mangled by an ice beast (13 damage)
             ... on level 7 of the Dungeon.
             The game lasted 00:30:50 (10825 turns).

Zeldest the Zephyrmancer (Tengu Air Elementalist)  Turns: 10825, Time: 00:30:50

Health: -9/59      AC:  2    Str:  8    XL:     10   Next: 12%
Magic:  10/17      EV: 16    Int: 20    God:    Vehumet [***...]
Gold:   354        SH:  0    Dex: 15    Spells: 6/17 levels left

rFire   . . .      SeeInvis +    y - +3 dagger (venom)
rCold   . . .      Faith    .    (no shield)
rNeg    . . .      Spirit   .    a - +0 robe
rPois   .          Reflect  .    (helmet restricted)
rElec   .          Rampage  .    (no cloak)
rCorr   .                        (no gloves)
Will    .....                    (boots unavailable)
Stlth   ++                       (no amulet)
HPRegen 0.29/turn                e - ring of see invisible
MPRegen 0.15/turn                (no ring)

@: lethally poisoned (-9 -> -10), flying quickly and evasively, quick
A: beak, talons 3, nimble flight
a: Renounce Religion


You were on level 7 of the Dungeon.
You worshipped Vehumet.
Vehumet was most pleased with you.
You visited 2 branches of the dungeon, and saw 8 of its levels.

You collected 354 gold pieces.

Inventory:

Hand Weapons
 v - the +11 hand axe of Ruygato {heavy, rC++ Will- SInv Stlth+}
   (You found it on level 4 of the Dungeon)

   rC:        It greatly protects you from cold.
   SInv:      It lets you see invisible.
   Will:      It decreases your willpower.
   Stlth:     It makes you more stealthy.
 x - a +1 dagger of electrocution
 y - a +3 dagger of venom (weapon)
Missiles
 i - 3 curare-tipped darts (quivered)
Armour
 a - a +0 robe (worn)
 f - a +2 buckler of cold resistance
Jewellery
 e - a ring of see invisible (left hand)
 z - a +6 ring of dexterity
Wands
 b - a wand of charming (15)
 s - a wand of digging (7)
 t - a wand of polymorph (10)
Scrolls
 c - 3 scrolls of teleportation
 d - 3 scrolls of enchant armour {unknown}
 h - a scroll of brand weapon {unknown}
 j - 3 scrolls of enchant weapon {unknown}
 l - 5 scrolls of identify {unknown}
 o - 3 scrolls of poison
 u - a scroll of blinking {unknown}
 w - a scroll of magic mapping {unknown}
Potions
 g - 2 potions of attraction
 k - 2 potions of flight {unknown}
 m - a potion of degeneration {unknown}
 n - 2 potions of brilliance {unknown}
 p - a potion of curing
 q - 3 potions of mutation {unknown}
 r - 2 potions of might {unknown}


   Skills:
 - Level 5.2 Fighting
 - Level 4.0 Dodging
 - Level 2.0 Stealth
 - Level 4.0 Spellcasting
 - Level 10.0 Conjurations
 + Level 5.6 Fire Magic
 - Level 10.6 Air Magic
 - Level 2.0 Poison Magic


You had 6 spell levels left.
You knew the following spells:

 Your Spells              Type           Power      Damage    Failure   Level
a - Shock                 Conj/Air       100%       1d9       1%          1
b - Static Discharge      Conj/Air       90%        2-6/arc   1%          2
c - Arcjolt               Conj/Air       22%        1d32      1%          5
f - Mephitic Cloud        Conj/Pois/Air  34%        N/A       1%          3

Your spell library contained the following spells:

 Spells                   Type           Power      Damage    Failure   Level
 Stone Arrow              Conj/Erth      48%        3d10      1%          3
 Magic Dart               Conj           100%       1d8       1%          1
 Swiftness                Air            46%        N/A       1%          3
 Airstrike                Air            23%        2d(4-20)  1%          4
 Volatile Blastmotes      Fire/Tloc      30%        2d12      3%          3
 Vhi's Electric Charge    Tloc/Air       50%        N/A       4%          3
 Fulminant Prism          Conj/Hex       12%        3d9       4%          4
 Iskenderun's Mystic Bla  Conj/Tloc      24%        2d7       4%          4
 Plasma Beam              Fire/Air       18%        2x1d32    17%         6
 Call Imp                 Summ           8%         N/A       19%         2
 Ensorcelled Hibernation  Hex/Ice        8%         N/A       19%         2
 Spider Form              Tmut/Pois      8%         N/A       26%         3
 Lee's Rapid Deconstruct  Erth           2%         3d4*      63%         5
 Anguish                  Hex/Necr       2%         N/A       77%         4


Dungeon Overview and Level Annotations

Branches:
Dungeon (7/15) Zot: 26288  Temple (1/1) D:4 Zot: 5716

Altars:
Ashenzari
Cheibriados
Dithmenos
Elyvilon
Fedhas
Gozag
Hepliaklqana
Makhleb
Okawaru
Qazlal
Sif Muna
Trog
Vehumet
Wu Jian
Zin

Annotations:
D:5 3 runed translucent doors, domi's ghost, amateur MeEE; hgbash's ghost, amateur MiFi; oldplebian's ghost, novice MfGl


Innate Abilities, Weirdness & Mutations

You have a beak for a mouth.
You have claws for feet.
Your magical nature lets you fly swiftly and evasively.


Message History

The zap hits the ice beast.
The ice beast is heavily wounded.
You feel sick. The ice beast completely misses you.
Casting: Shock (safe; 1% risk of failure)
Confirm with . or Enter, or press ? or * to list all spells.
Aiming: Shock (safe; 1% risk of failure)
Press: ? - help, Shift-Dir - straight line, f/p - kobold brigand
Aim: a kobold brigand, wielding a +2 dagger of venom and quivering poisoned darts (severely wounded, 67% to hit)
The zap misses the ice beast.
The zap misses the kobold brigand.
The zap hits the ice beast.
The ice beast is heavily wounded.
You feel sick. The ice beast hits you. The ice beast freezes you!
Casting: Shock (safe; 1% risk of failure)
Confirm with . or Enter, or press ? or * to list all spells.
Electricity surges outward!
The ice beast is severely wounded.
You kill the kobold brigand!
Vehumet accepts your kill.
You feel your power returning.
You kill the ice beast!
Vehumet accepts your kill.
You feel your power returning.
You feel sick. The ice beast misses you.
You closely miss the ice beast. Your kick misses the ice beast.
The ice beast is severely wounded.
You feel sick. The ice beast hits you. The ice beast freezes you!
* * * LOW HITPOINT WARNING * * *
Casting: Arcjolt (dangerous; 1% risk of failure)
Confirm with . or Enter, or press ? or * to list all spells.
The ice beast is struck by an arc of lightning.
The ice beast is severely wounded.
You are struck by an arc of lightning.
* * * LOW HITPOINT WARNING * * *
The ice beast is struck by an arc of lightning.
The ice beast is almost dead.
You are struck by an arc of lightning.
* * * LOW HITPOINT WARNING * * *
The lightning grounds out.
You feel sick. The ice beast hits you.
* * * LOW HITPOINT WARNING * * *
The ice beast freezes you!
You die...

##....# #.#.# ...
##.#.####.#.# #.#
#........#.# #.#
###.######(# #.#
#...#####.###.#
####.#...........#
#
...#...####.####.#
##..# ##.##### #.#
##.##)))..# #.#
#.# #.@Y))..>.#
#.#
#.##<#.#).)....
#.#
...........!...
#.#
.....#.#.......
#.# #.#
##.##....#....##
#.# #.# #. # ...
....# #[# #.# #
#... ...... #†#
#.# #.#...#####
#.# #.#


You could see an ice beast.

Vanquished Creatures
  Prince Ribbit (D:6)
  A steam dragon (D:7)
  Edmund (D:5)
  An ice beast (D:7)
  An orc warrior (D:7)
  2 sky beasts
  4 black bears
  3 centaurs
  An ogre (D:6)
  3 phantoms
  A kobold brigand (D:7)
  A gnoll sergeant (D:6)
  3 scorpions
  A water moccasin zombie (D:6)
  6 killer bees (D:6)
  A howler monkey (D:5)
  3 jellies
  4 centaur zombies (D:6)
  3 orc priests
  4 hounds
  Jessica (D:3)
  2 iguanas (D:4)
  8 orc wizards
  2 killer bee zombies (D:6)
  9 gnolls
  A howler monkey skeleton (D:6)
  8 adders
  2 white imps
  An ufetubus (D:4)
  2 worms (D:4)
  6 dart slugs
  42 orcs
  2 bats
  10 endoplasms
  3 giant cockroaches
  4 goblins
  7 hobgoblins
  10 jackals
  4 quokkas
  7 ball pythons
  7 frilled lizards (D:1)
  20 kobolds
  13 rats
216 creatures vanquished.

Vanquished Creatures (collateral kills)
  A water moccasin zombie (D:6)
  2 water moccasin skeletons (D:6)
  A bullfrog zombie (D:6)
4 creatures vanquished.

Vanquished Creatures (others)
  4 fungi (D:3)
  10 toadstools (D:3)
  3 withered plants (D:6)
17 creatures vanquished.

Grand Total: 237 creatures vanquished

Notes
Turn   | Place    | Note
-------+----------+-------------------------------------------
     0 | D:1      | Zeldest the Tengu Air Elementalist began the quest for the
                  | Orb.
     0 | D:1      | Reached XP level 1. HP: 10/10 MP: 4/4
   155 | D:1      | Reached skill level 1 in Fighting
   206 | D:1      | Reached XP level 2. HP: 15/16 MP: 1/6
   404 | D:1      | Learned a level 2 spell: Static Discharge
   858 | D:1      | Found a faded altar of an unknown god.
  1065 | D:1      | Reached XP level 3. HP: 19/21 MP: 1/7
  1638 | D:2      | Reached XP level 4. HP: 23/26 MP: 4/8
  2210 | D:2      | Reached skill level 5 in Air Magic
  2390 | D:2      | Gained mutation: Your magical nature lets you fly swiftly
                  | and evasively. [Tengu growth]
  2390 | D:2      | Reached XP level 5. HP: 23/30 MP: 5/10
  3328 | D:3      | Noticed Jessica
  3342 | D:3      | Killed Jessica
  3343 | D:3      | Reached XP level 6. HP: 35/35 MP: 7/11
  3830 | D:3      | Reached skill level 1 in Poison Magic
  4457 | D:4      | Found a staircase to the Ecumenical Temple.
  4473 | Temple   | Entered the Ecumenical Temple
  4766 | Temple   | Became a worshipper of Vehumet
  5287 | D:4      | Reached XP level 7. HP: 31/40 MP: 1/12
  5865 | D:4      | Identified the +11 hand axe of Ruygato {heavy, rC++ Will-
                  | SInv Stlth+}
  6059 | D:5      | Entered Level 5 of the Dungeon
  6068 | D:4      | Learned a level 5 spell: Arcjolt
  6248 | D:5      | Reached * piety under Vehumet
  6248 | D:5      | Offered knowledge of Kiss of Death by Vehumet.
  6363 | D:5      | Found a runed translucent gate.
  6363 | D:5      | Found a runed translucent gate.
  6364 | D:5      | Found a runed translucent gate.
  6365 | D:5      | Noticed hgbash's ghost (amateur MiFi)
  6366 | D:5      | Noticed domi's ghost (amateur MeEE)
  6366 | D:5      | Noticed oldplebian's ghost (novice MfGl)
  6386 | D:5      | Noticed Edmund
  6398 | D:5      | Killed Edmund
  6561 | D:5      | Reached skill level 5 in Conjurations
  6561 | D:5      | Reached XP level 8. HP: 37/46 MP: 8/15
  6611 | D:5      | Learned a level 3 spell: Mephitic Cloud
  6638 | D:5      | HP: 2/40 [/static electricity (1)]
  8549 | D:6      | Noticed Prince Ribbit
  8553 | D:6      | Reached XP level 9. HP: 36/52 MP: 10/16
  8557 | D:6      | Killed Prince Ribbit
  8557 | D:6      | Reached ** piety under Vehumet
  8573 | D:6      | Offered knowledge of Scorch by Vehumet.
  9253 | D:6      | Reached skill level 10 in Air Magic
  9422 | D:6      | Reached skill level 5 in Fighting
  9720 | D:6      | Found a shadowy altar of Dithmenos.
  9863 | D:6      | Reached skill level 10 in Conjurations
 10128 | D:7      | Reached skill level 1 in Fire Magic
 10484 | D:7      | Offered knowledge of Stone Arrow by Vehumet.
 10550 | D:7      | Reached XP level 10. HP: 42/59 MP: 11/17
 10793 | D:7      | Reached skill level 5 in Fire Magic
 10816 | D:7      | Reached *** piety under Vehumet
 10825 | D:7      | Mangled by an ice beast

Illustrated notes

Levels and vault maps discovered:
D:1:      lemuel_arrival_muddy, layout_loops_corners,
          shapermc_ecumenical_altar_mp_vishouse, minmay_misc_feat_room,
          minmay_lizard_pond
D:2:      layout_basic, serial_curves, eino_curves_03, eino_curves_03,
          grunt_ministairs_7, hangedman_abyss_or_decor_lesser_grid, st_stairs_4,
          minmay_misc_feat_roman
D:3:      cheibrodos_fertilizer, layout_basic, serial_co_window_serial,
          co_window_corner_a, co_window_of_opportunity_a, co_window_paths_a,
          co_window_paths_a, co_window_of_opportunity_a, co_window_paths_c,
          co_window_of_opportunity_c, co_window_paths_c,
          co_window_of_opportunity_c, co_window_2corner, co_window_cross_3,
          co_window_broadway_c, minmay_misc_feat_plants, uniq_jessica
D:4:      layout_loops_ring, temple_pool_b, gup_sewer_entry_spiral,
          grunt_decor_mini_mirrors
D:5:      layout_layer_cave, gammafunk_ghost_cemetery, st_stairs_4, uniq_edmund
D:6:      layout_loops_cross, grunt_dithmenos_smoke, serial_undead,
          serial_undead_f, serial_undead_d, serial_undead_e, serial_undead_e,
          uniq_prince_ribbit1
D:7:      layout_loops_ring
Temple:   dpeg_chambers_temple

Skill      XL: |  1  2  3  4  5  6  7  8  9 10 |
---------------+-------------------------------+-----
Fighting       | 1 2 3 4 5 |  5.2
Conjurations   | 2 3 4 5 8 10 | 10.0
Air Magic      | 5 6 7 8 10 | 10.6
Spellcasting   | 3 4 |  4.0
Dodging        | 3 4 |  4.0
Poison Magic   | 2 |  2.0
Fire Magic     | 4 5 |  5.6
Stealth        | |  2.0

Action                     |  1- 3 |  4- 6 |  7- 9 | 10-12 || total
---------------------------+-------+-------+-------+-------++-------
  Melee: Whip              |       |     3 |     8 |       ||    11
         Kick              |       |     1 |     8 |       ||     9
         Peck              |       |       |     4 |       ||     4
         Hand axe          |       |       |    15 |       ||    15
         Dagger            |       |       |     6 |     1 ||     7
  Throw: Dart              |       |       |     3 |       ||     3
   Cast: Shock             |    71 |   121 |   137 |    19 ||   348
         Static Discharge  |       |    15 |    44 |     3 ||    62
         Arcjolt           |       |       |    13 |     2 ||    15
         Mephitic Cloud    |       |       |     2 |       ||     2
  Evoke: Wand              |       |       |     2 |       ||     2
    Use: Potion            |       |     4 |     2 |       ||     6
         Scroll            |       |     1 |     1 |       ||     2
   Stab: Sleeping          |       |       |     2 |       ||     2
         Distracted        |       |       |     1 |       ||     1
 Armour: Robe              |     2 |     5 |    13 |       ||    20
  Dodge: Dodged            |    21 |    28 |   143 |     8 ||   200

Table legend: (Time is in decaauts)
 A = Elapsed time spent in this place.
 B = Non-inter-level travel time spent in this place.
 C = Inter-level travel time spent in this place.
 D = Time resting spent in this place.
 E = Time spent auto-exploring this place.
 F = Levels seen in this place.
 G = Mean time per level.
                   A        B        C        D        E       F      G
               +--------+--------+--------+--------+--------+-----+--------+
         Total |  10397 |  10141 |    256 |   4295 |   4225 |   8 | 1299.6 |
       Dungeon |  10114 |   9877 |    237 |   4295 |   4052 |   7 | 1444.9 |
        Temple |    283 |    264 |     19 |      0 |    172 |   1 |  283.0 |
               +--------+--------+--------+--------+--------+-----+--------+

Top non-repeatable levels by time:
     D:5: 2068 daAuts
     D:3: 1820 daAuts
     D:4: 1688 daAuts
     D:1: 1421 daAuts
     D:6: 1323 daAuts
     D:2: 1081 daAuts
     D:7: 711 daAuts
  Temple: 283 daAuts
